 Dungeon Crawl Stone Soup version 0.29.0-15-g675c0067aa (webtiles) character file.

Game seed: 4525557708248410497

410 qw the Chopper (level 6, -2/38 HPs)
             Began as a Gargoyle Fighter on Sept 11, 2022.
             Slain by Grinder (5 damage)
             ... on level 6 of the Dungeon.
             The game lasted 00:00:56 (2244 turns).

qw the Chopper (Gargoyle Fighter)                   Turns: 2244, Time: 00:00:57

Health: -2/38      AC: 14    Str: 22    XL:     6   Next: 89%
Magic:  6/6        EV:  7    Int:  8    God:
Gold:   129        SH:  4    Dex:  9    Spells: 5/5 levels left

rFire   . . .      SeeInvis .   Y - +0 war axe
rCold   . . .      Faith    .   c - +0 buckler
rNeg    + . .      Spirit   .   e - +0 chain mail
rPois   inf        Reflect  .   (no helmet)
rElec   +          Harm     .   (no cloak)
rCorr   .          Rampage  .   (no gloves)
Will    .....                   h - +0 pair of boots
Stlth   ..........              (no amulet)
HPRegen 0.12/turn               (no ring)
MPRegen 0.10/turn               (no ring)

@: no status effects
A: sickness immunity, AC +4, negative energy resistance 1, electricity
resistance, torment resistance 1, petrification resistance
a: no special abilities


You were on level 6 of the Dungeon.
You visited 1 branch of the dungeon, and saw 4 of its levels.

You collected 129 gold pieces.


Innate Abilities, Weirdness & Mutations

You are immune to sickness and miasma.
Your stone body is resilient. (AC +4)
You are immune to poison.
You resist negative energy. (rN+)
You are resistant to electric shocks. (rElec)
You are resistant to unholy torment.
You are immune to petrification.


   Skills:
 - Level 4.0 Fighting
 - Level 6.2 Axes
 - Level 3.2 Armour
 + Level 0.0 Dodging
 - Level 3.2 Shields


You had 5 spell levels left.
You didn't know any spells.
Your spell library was empty.

Inventory:

Hand Weapons
 n - a +0 whip
 Y - a +0 war axe (weapon)
Armour
 c - a +0 buckler (worn)
 e - a +0 chain mail (worn)
 h - a +0 pair of boots (worn)
 i - a +2 ring mail of fire resistance
Scrolls
 m - a scroll of identify
Potions
 d - a potion of might
 f - a potion of attraction {unknown}
 g - a potion of haste
 k - a potion of magic {unknown}
 l - a potion of berserk rage {unknown}

Dungeon Overview and Level Annotations

Branches:
Dungeon (3/15)

Altars:

Annotations:
D:6 Grinder


Message History

The necrophage hits you but does no damage.
The scorpion closely misses you.
You slash the necrophage!
You destroy the necrophage!
You hit Grinder. You closely miss the scorpion. Grinder hits you.
You block the scorpion's attack.
Grinder zaps a wand.
The puff of flame hits you but does no damage.
You closely miss the scorpion.
The scorpion is moderately wounded.
You closely miss Grinder.
The scorpion stings you but does no damage.
You block the scorpion's attack. Grinder gestures at you.
You barely resist. You slash the scorpion!
The scorpion is severely wounded.
You hit Grinder but do no damage.
The scorpion stings you but does no damage.
Grinder hits you.
You hit the scorpion.
The scorpion is almost dead.
You barely miss Grinder.
The scorpion stings you but does no damage.
Grinder hits you but does no damage.
The scorpion stings you but does no damage.
You slash the scorpion!
You kill the scorpion!
You closely miss Grinder. Grinder barely misses you.
Your Axes skill increases to level 6!
You barely miss Grinder.
Grinder is lightly wounded.
Grinder blinks! x2
You hit Grinder.
Grinder is lightly wounded.
Grinder hits you but does no damage.
You slash Grinder!
Grinder is moderately wounded.
Grinder hits you.
You die...

#sF.# #...# ##......
##.## #....#.. #.#
####...... ## #.#
........ #. #.# .#...##
#.
#.#####...#.#.###.#####.
#..........!...##.......
####..5@................
#.#....#############.
#...#### #...... ####
#...... #...... #......
#...... #...... #...5..


You could see Grinder.

Vanquished Creatures
  Edmund (D:6)
  A scorpion (D:6)
  A bullfrog (D:6)
  A necrophage (D:6)
  A gnoll (D:1)
  5 adders (D:2)
  A white imp (D:6)
  A dart slug (D:2)
  5 bats
  4 endoplasms
  5 giant cockroaches
  5 goblins
  5 hobgoblins
  A quokka (D:1)
  4 ball pythons
  2 frilled lizards
  6 kobolds
  4 rats
53 creatures vanquished.

Notes
Turn   | Place    | Note
-------+----------+-------------------------------------------
     0 | D:1      | qw the Gargoyle Fighter began the quest for the Orb.
     0 | D:1      | Reached XP level 1. HP: 14/14 MP: 1/1
     0 | D:1      | 0 ||| qw: Version: 0.1-a-119-g272c26d
     0 | D:1      | 0 ||| qw: Game counter: 10646
     0 | D:1      | 0 ||| qw: Always use a shield: true
     0 | D:1      | 0 ||| qw: God list: Okawaru
     0 | D:1      | 0 ||| qw: Allow faded altars: false
     0 | D:1      | 0 ||| qw: Do Orc after D:15 true
     0 | D:1      | 0 ||| qw: Do second Lair branch before Depths: true
     0 | D:1      | 0 ||| qw: Lair rune preference: random
     0 | D:1      | 0 ||| qw: Plans: Normal, Zot, God:TSO, Crypt, Tomb, Pan,
                  | Slime, Hells, Zig, Abyss, Orb
     0 | D:1      | 0 ||| PLANNING D:1-11
   110 | D:1      | Reached skill level 2 in Axes
   343 | D:1      | Reached XP level 2. HP: 19/19 MP: 2/2
   580 | D:1      | 580 ||| Stepping ~*~*~tactically~*~*~ (stealth).
   683 | D:1      | Reached skill level 3 in Axes
   683 | D:1      | Reached XP level 3. HP: 23/23 MP: 3/3
   866 | D:1      | 866 ||| UPGRADING to +0 chain mail.
   876 | D:1      | 876 ||| DROPPING +0 scale mail.
   877 | D:1      | 877 ||| UPGRADING to +0 pair of boots.
   882 | D:1      | 882 ||| DROPPING orb of guile.
   883 | D:1      | 883 ||| READING 3 scrolls labelled FULLOCHERISE.
   886 | D:1      | 886 ||| READING scroll labelled LOMNUN REERCH.
   887 | D:1      | 887 ||| DRINKING 2 golden potions.
   948 | D:2      | 948 ||| Stepping ~*~*~tactically~*~*~ (stealth).
   953 | D:2      | 953 ||| Stepping ~*~*~tactically~*~*~ (stealth).
  1167 | D:2      | Reached XP level 4. HP: 21/28 MP: 4/4
  1273 | D:2      | Reached skill level 4 in Axes
  1378 | D:2      | 1378 ||| Stepping ~*~*~tactically~*~*~ (stealth).
  1402 | D:2      | Found a faded altar of an unknown god.
  1413 | D:2      | 1413 ||| Stepping ~*~*~tactically~*~*~ (stealth).
  1416 | D:2      | 1416 ||| Stepping ~*~*~tactically~*~*~ (stealth).
  1655 | D:2      | 1655 ||| Stepping ~*~*~tactically~*~*~ (hiding).
  1737 | D:2      | 1737 ||| DROPPING +0 club.
  2015 | D:2      | 2015 ||| DROPPING ring of wizardry.
  2016 | D:2      | 2016 ||| READING scroll labelled RILAD KARU.
  2066 | D:3      | You fall into a shaft and drop 3 floors!
  2071 | D:6      | Noticed Grinder
  2072 | D:6      | Noticed Edmund
  2082 | D:6      | HP: 7/28 [Edmund/+1 vorpal flail (1)]
  2083 | D:6      | 2083 ||| READING 2 scrolls of teleportation.
  2083 | D:6      | HP: 2/28 [Edmund/+1 vorpal flail (5)]
  2084 | D:6      | Killed Edmund
  2085 | D:6      | Reached skill level 5 in Axes
  2085 | D:6      | Reached XP level 5. HP: 1/32 MP: 5/5
  2085 | D:6      | Reached XP level 6. HP: 1/37 MP: 6/6
  2085 | D:6      | 2085 ||| Stepping ~*~*~tactically~*~*~ (hiding).
  2086 | D:6      | 2086 ||| Stepping ~*~*~tactically~*~*~ (hiding).
  2217 | D:6      | HP: 8/37 [scorpion (3)]
  2218 | D:6      | 2218 ||| READING scroll of teleportation.
  2229 | D:6      | HP: 8/37 [necrophage (1)]
  2236 | D:6      | HP: 7/38 [Grinder (3)]
  2238 | D:6      | HP: 2/38 [Grinder (5)]
  2241 | D:6      | Reached skill level 6 in Axes
  2244 | D:6      | Slain by Grinder

Levels and vault maps discovered:
D:1:      sevenhm_arrival_forest_fort_small_4, layout_loops_ring
D:2:      layout_loops_ring, hellmonk_ecumenical_altar_heavens_door
D:3:      layout_basic, uniq_ijyb
D:6:      layout_basic, gammafunk_temple_overflow_arena, kennysheep_nondescript,
          hangedman_abyss_or_decor_slice, serial_bayou_pond_b,
          uniq_prince_ribbit1, uniq_grinder, uniq_edmund

Skill      XL: |  1  2  3  4  5  6 |
---------------+-------------------+-----
Axes           | 2 3 5 6 |  6.2
Fighting       | 4 |  4.0
Armour         | |  3.2
Shields        | |  3.2

Action                   |  1- 3 |  4- 6 || total
-------------------------+-------+-------++-------
Melee: War axe           |   108 |   125 ||   233
  Use: Scroll            |     2 |     3 ||     5
       Potion            |     1 |       ||     1
Armor: Scale mail        |    27 |       ||    27
       Chain mail        |    34 |    97 ||   131
Dodge: Dodged            |    51 |    50 ||   101
Block: Buckler           |    21 |    27 ||    48

Table legend:
 A = Non-vault XP
 B = Vault XP
 C = Vault XP percentage of total XP
 D = Non-vault monster count
 E = Vault monster count
 F = Vault count percentage of total count
                 A         B        C        D         E       F
            +---------+---------+-------+---------+---------+-------
      Total |     420 |     166 |  28.3 |      52 |       1 |   1.9
            +---------+---------+-------+---------+---------+-------
        D:1 |      43 |       0 |   0.0 |      17 |       0 |   0.0
        D:2 |     101 |       0 |   0.0 |      27 |       0 |   0.0
        D:3 |       6 |       0 |   0.0 |       4 |       0 |   0.0
        D:6 |     270 |     166 |  38.1 |       4 |       1 |  20.0
            +---------+---------+-------+---------+---------+-------
